[Event "Elite Hotels Open 2024"]
[Site "Elite Stadshotellet, Kungsgatan 6, Vaxjo, Sweden"]
[Date "2024.02.10"]
[Round "6.5"]
[White "Fransson, Jorgen"]
[Black "Hector, Jonny"]
[Result "1-0"]
[TimeControl "15 minutes + 5 seconds per move from move one (Round 1 - 4) / 90 minutes + 30 seconds per move from move one (Round 5 - 8)"]
[BlackTitle "GM"]
[WhiteFideId "1701827"]
[BlackFideId "1700090"]
[WhiteElo "2134"]
[BlackElo "2449"]

1. c4 e5 2. Nc3 Bb4 3. Nd5 a5 4. Nxb4 axb4 5. Nf3 e4 6. Nd4 d5 7. e3 Nf6 8. cxd5 Qxd5 9. Qc2 O-O 10.
Qc4 Qe5 11. d3 c5 12. Nb3 b6 13. d4 Qg5 14. dxc5 Nc6 15. h4 Qg6 16. cxb6 Ng4 17. Nc5 Bf5 18. h5 Qf6 19. f3 Nce5 20.
Nxe4 Qxb6 21. Qc5 Qb8 22. Nd6 Nd3+ 23. Bxd3 Bxd3 24. e4 Nf6 25. Bf4 Qa7 26. Qxa7 Rxa7 27. Kf2 Ne8 28. Rhd1 Bc2 29.
Rdc1 Bd3 30. Rc8 Nc7 31. Be3 Rxc8 32. Nxc8 Ra8 33. Ne7+ Kf8 34. Nc6 b3 35. Bc5+ Ke8 36. a3 Ne6 37.
Be3 Rc8 38. Rc1 f5 39. exf5 Bxf5 40. g4 Bd3 41. Ke1 g6 42. hxg6 Bxg6 43. Ne5 Bc2 44. Nd3 Kd7 45. Nb4 Bg6 46.
Rxc8 Kxc8 47. Kd2 h5 48. gxh5 Bxh5 49. f4 Ng7 50. Nd3 Nf5 51. Bg1 Bf7 52. Nc5 Kc7 53. Kc3 Ng3 54. Be3 Kc6 55.
Nxb3 Ne2+ 56. Kb4 Kd5 57. Nd2 Nc1 58. a4 Nd3+ 59. Kc3 Ne1 60. Nc4 Ng2 61. Bd2 Nh4 62. b4 Nf5 63. Ne3+ Nxe3 64.
Bxe3 1-0

[Event "Elite Hotels Open 2024"]
[Site "Elite Stadshotellet, Kungsgatan 6, Vaxjo, Sweden"]
[Date "2024.02.10"]
[Round "6.6"]
[White "Kistrup, Nicolai"]
[Black "Silseth, Simon"]
[Result "1-0"]
[TimeControl "15 minutes + 5 seconds per move from move one (Round 1 - 4) / 90 minutes + 30 seconds per move from move one (Round 5 - 8)"]
[WhiteTitle "FM"]
[BlackTitle "FM"]
[WhiteFideId "1444816"]
[BlackFideId "1702440"]
[WhiteElo "2326"]
[BlackElo "2228"]

1. d4 d5 2. c4 e6 3. Nf3 Nf6 4. g3 dxc4 5. Bg2 c5 6. O-O Nc6 7. dxc5 Qxd1 8. Rxd1 Bxc5 9. Nbd2 c3 10.
bxc3 Bd7 11. Rb1 O-O-O 12. Nb3 Bb6 13. Ng5 Be8 14. Rxd8+ Nxd8 15. c4 h6 16. Nf3 Ne4 17. Nfd4 Nc5 18.
Nb5 Nxb3 19. axb3 Bc6 20. Bf4 Bxb5 21. cxb5 f6 22. Rc1+ Kd7 23. Rd1+ Kc8 24. Bf3 g5 25. Bd6 Rh7 26.
Bh5 Rg7 27. Bf8 Rg8 28. Be7 f5 29. e3 Rg7 30. Bf6 Rd7 31. Rxd7 Kxd7 32. Bg7 g4 33. Bxh6 Bc5 34. Kg2 b6 35.
f3 gxf3+ 36. Kxf3 Nb7 37. h4 Nd6 38. Bg6 Nxb5 39. h5 Be7 40. Bg7 Bg5 41. h6 Bxh6 42. Bxh6 a5 43. Kf4 Nd6 44.
Bf8 1-0

[Event "Elite Hotels Open 2024"]
[Site "Elite Stadshotellet, Kungsgatan 6, Vaxjo, Sweden"]
[Date "2024.02.10"]
[Round "6.7"]
[White "Muntean, Victor"]
[Black "Kristensen, Kaare Hove"]
[Result "1-0"]
[TimeControl "15 minutes + 5 seconds per move from move one (Round 1 - 4) / 90 minutes + 30 seconds per move from move one (Round 5 - 8)"]
[BlackTitle "IM"]
[WhiteFideId "1054414"]
[BlackFideId "1400940"]
[WhiteElo "2106"]
[BlackElo "2324"]

1. e4 c5 2. c3 g6 3. d4 cxd4 4. cxd4 d5 5. e5 f6 6. Nf3 a6 7. Nc3 Nc6 8. Qb3 e6 9. Bd3 Bg7 10.
O-O Nge7 11. Re1 fxe5 12. dxe5 O-O 13. Bg5 Qc7 14. Rac1 Rxf3 15. gxf3 Bxe5 16. Qa4 d4 17. Ne2 Nd5 18.
Be4 Bd7 19. Qb3 Qd6 20. Qxb7 Ra7 21. Qb3 Bxh2+ 22. Kg2 Be5 23. Rh1 a5 24. Rh4 a4 25. Qd3 Ncb4 26. Qb1 Bb5 27. Rc8+ Kg7 28.
Qh1 Nf6 29. Rxh7+ Nxh7 30. Qh6+ 1-0

[Event "Elite Hotels Open 2024"]
[Site "Elite Stadshotellet, Kungsgatan 6, Vaxjo, Sweden"]
[Date "2024.02.10"]
[Round "6.8"]
[White "Crevatin, Leo"]
[Black "Frisk, Ellinor"]
[Result "1/2-1/2"]
[TimeControl "15 minutes + 5 seconds per move from move one (Round 1 - 4) / 90 minutes + 30 seconds per move from move one (Round 5 - 8)"]
[WhiteTitle "FM"]
[BlackTitle "WIM"]
[WhiteFideId "1726307"]
[BlackFideId "1708481"]
[WhiteElo "2303"]
[BlackElo "2141"]

1. d4 d5 2. c4 c6 3. Nf3 Nf6 4. Nbd2 Bf5 5. Nh4 Be6 6. e3 g6 7. Bd3 Bg7 8. O-O O-O 9. b4 a5 10.
bxa5 c5 11. Bb2 cxd4 12. Bxd4 Qxa5 13. Nb3 Qc7 14. cxd5 Bxd5 15. Rc1 Nc6 16. Bb1 Rfd8 17. Qe1 e5 18. Bb2 Ra4 19. f3 Qb6 20.
Kh1 Qb4 21. e4 Bc4 22. Bc3 Qb5 23. Rg1 Raa8 24. Rc2 Bf8 25. Rb2 Qa6 26. f4 Bd3 27. Bxd3 Qxd3 28. Re2 Ra4 29. Re3 Qa6 30.
fxe5 Ng4 31. Rg3 Rxe4 32. Qf1 Qxf1 33. Rxf1 Nxh2 34. Nxg6 hxg6 35. Kxh2 Nxe5 36. Rh3 Rd3 37. Rxd3 Nxd3 38.
Rd1 Nf4 39. Rd8 Ne2 40. Bf6 Re6 41. Bh4 g5 42. Bxg5 Re5 43. Bh4 Rh5 44. g3 Kg7 45. Kg2 Nf4+ 46. Kf3 Ng6 47. Kg4 Rb5 48.
Nd4 Rb4 49. Kh3 Nxh4 50. gxh4 Bc5 51. Nf5+ Kf6 52. Ng3 Bf2 53. Rd3 Kg7 54. Rf3 Bxg3 55. Rxg3+ Kh6 56. Rb3 Ra4 57. Rxb7 Rxa2 58.
Rxf7 Ra3+ 59. Kg4 Ra4+ 60. Kg3 Ra3+ 61. Kg4 Ra4+ 62. Rf4 Rxf4+ 63. Kxf4 Kh5 64. Kg3 Kh6 65. Kg4 Kh7 66. Kh5 Kh8 67.
Kh6 Kg8 68. h5 Kh8 69. Kg6 Kg8 70. h6 Kh8 71. h7 1/2-1/2

[Event "Elite Hotels Open 2024"]
[Site "Elite Stadshotellet, Kungsgatan 6, Vaxjo, Sweden"]
[Date "2024.02.10"]
[Round "6.9"]
[White "Grahn, Vidar"]
[Black "Mejvik, Jacob"]
[Result "1-0"]
[TimeControl "15 minutes + 5 seconds per move from move one (Round 1 - 4) / 90 minutes + 30 seconds per move from move one (Round 5 - 8)"]
[WhiteFideId "1744780"]
[BlackFideId "1710621"]
[WhiteElo "2234"]
[BlackElo "2103"]

1. d4 d5 2. c4 e6 3. Nf3 a6 4. g3 dxc4 5. Bg2 Nc6 6. e3 e5 7. d5 e4 8. dxc6 Qxd1+ 9. Kxd1 exf3 10.
Bxf3 b5 11. Nc3 Nf6 12. e4 Bc5 13. Ke2 O-O 14. Bg5 Ng4 15. Bxg4 Bxg4+ 16. f3 Be6 17. Rhd1 f5 18. e5 Rf7 19.
Be3 Bf8 20. a4 b4 21. Nd5 Rd8 22. Nf6+ gxf6 23. Rxd8 fxe5 24. f4 Kg7 25. fxe5 Kg6 26. Re8 Bd5 27. Rd1 Be4 28. e6 Rf6 29.
e7 Bg7 30. Rg8 Re6 31. Rd7 Bxc6 32. Rxg7+ Kf6 33. Rxc7 Bxa4 34. Kf2 Re4 35. Rxh7 Be8 36. Rh6+ 1-0

[Event "Elite Hotels Open 2024"]
[Site "Elite Stadshotellet, Kungsgatan 6, Vaxjo, Sweden"]
[Date "2024.02.10"]
[Round "6.10"]
[White "Eklund, Joel"]
[Black "Fransson, Patrick"]
[Result "1-0"]
[TimeControl "15 minutes + 5 seconds per move from move one (Round 1 - 4) / 90 minutes + 30 seconds per move from move one (Round 5 - 8)"]
[WhiteFideId "1705288"]
[BlackFideId "1709305"]
[WhiteElo "2258"]
[BlackElo "2086"]

1. d4 d5 2. Bg5 f6 3. Bh4 c5 4. dxc5 e5 5. e4 d4 6. Bc4 Ne7 7. c3 Ng6 8. Bg3 Bxc5 9. Ne2 Nc6 10.
Qb3 Qb6 11. cxd4 Qxb3 12. axb3 Nxd4 13. Nxd4 Bxd4 14. Nc3 Bxc3+ 15. bxc3 Bd7 16. Bd5 Bc6 17. Bxc6+ bxc6 18. Ra6 Kd7 19.
Kd2 Kc7 20. f3 Nf4 21. Bxf4 exf4 22. h4 Rhd8+ 23. Kc2 Rd6 24. Rd1 Rxd1 25. Kxd1 Kb7 26. Ra5 g6 27. e5 Rd8+ 28. Kc2 f5 29.
Ra1 Re8 30. Re1 Rd8 31. e6 Kc7 32. e7 Re8 33. Kd3 Kd6 34. Kc4 Rxe7 35. Rxe7 Kxe7 36. Kb4 Kd7 37. Ka5 Kc7 38. Ka6 Kb8 39.
b4 h6 40. c4 g5 41. b5 cxb5 42. cxb5 g4 43. b6 axb6 44. Kxb6 gxf3 45. gxf3 Kc8 46. Kc6 Kd8 47. Kd6 Kc8 48.
Ke6 Kc7 49. Kxf5 Kd6 50. Kg6 Ke6 51. Kxh6 Kf6 52. h5 1-0

[Event "Elite Hotels Open 2024"]
[Site "Elite Stadshotellet, Kungsgatan 6, Vaxjo, Sweden"]
[Date "2024.02.10"]
[Round "6.11"]
[White "Jakenberg, Jussi"]
[Black "Akesson, Ralf"]
[Result "0-1"]
[TimeControl "15 minutes + 5 seconds per move from move one (Round 1 - 4) / 90 minutes + 30 seconds per move from move one (Round 5 - 8)"]
[BlackTitle "GM"]
[WhiteFideId "1710931"]
[BlackFideId "1700120"]
[WhiteElo "2039"]
[BlackElo "2378"]

1. e4 c6 2. d4 d5 3. exd5 cxd5 4. Nf3 Nf6 5. Ne5 Nc6 6. Bb5 Qa5+ 7. Nc3 Qb6 8. O-O e6 9. Bf4 Be7 10.
Re1 O-O 11. Bxc6 bxc6 12. Na4 Qb7 13. Re3 Re8 14. Nd3 Ne4 15. f3 Nd6 16. Nac5 Qb6 17. Bxd6 Bxd6 18. f4 Qd8 19. c3 a5 20.
Qa4 Qc7 21. g3 Ba6 22. Nxa6 Rxa6 23. f5 Rf8 24. fxe6 fxe6 25. Kg2 Rf6 26. Rae1 Qf7 27. Qc2 Ra8 28. Qe2 Re8 29. Rf1 Rxf1 30.
Qxf1 a4 31. Qxf7+ Kxf7 32. a3 Rc8 33. Kf3 c5 34. Nxc5 Bxc5 35. dxc5 Rxc5 36. Re2 Kf6 37. Ke3 e5 38. Kd3 Ke6 39.
Rf2 Rb5 40. Kc2 Rb8 41. g4 e4 42. Rf5 g6 43. Rf2 Rc8 44. Kd2 Rc7 45. Ke3 Ke5 46. Rf8 Rb7 47. Rf2 Rb3 48. Rd2 g5 49.
h3 h6 50. Kf2 Kf4 51. Rxd5 Rxb2+ 52. Ke1 Ra2 53. Rd6 Rxa3 54. Rxh6 Ke3 0-1

[Event "Elite Hotels Open 2024"]
[Site "Elite Stadshotellet, Kungsgatan 6, Vaxjo, Sweden"]
[Date "2024.02.10"]
[Round "6.12"]
[White "Lyngsjo, Hakan"]
[Black "Olsson, William"]
[Result "0-1"]
[TimeControl "15 minutes + 5 seconds per move from move one (Round 1 - 4) / 90 minutes + 30 seconds per move from move one (Round 5 - 8)"]
[BlackTitle "FM"]
[WhiteFideId "1701649"]
[BlackFideId "1741721"]
[WhiteElo "1980"]
[BlackElo "2373"]

1. e4 e5 2. Bc4 Nf6 3. d3 c6 4. Nf3 d5 5. Bb3 Bd6 6. Bg5 dxe4 7. dxe4 h6 8. Bh4 Qe7 9. Nbd2 Bg4 10.
h3 Bh5 11. Qe2 Nbd7 12. Nc4 Bc7 13. O-O-O g5 14. Bg3 Bg6 15. Nfd2 Nh5 16. Ne3 Nf4 17. Qf1 O-O-O 18. Nf5 Qf6 19.
Bxf4 exf4 20. g4 fxg3 21. fxg3 Nc5 22. Qg2 Nxe4 23. Qxe4 Qxf5 24. Qxf5+ Bxf5 25. Bxf7 Bxg3 26. Nc4 Bf4+ 27.
Kb1 Rxd1+ 28. Rxd1 Rd8 0-1

[Event "Elite Hotels Open 2024"]
[Site "Elite Stadshotellet, Kungsgatan 6, Vaxjo, Sweden"]
[Date "2024.02.10"]
[Round "6.13"]
[White "Eriksson, Wilmer"]
[Black "Falkevall, Axel"]
[Result "1-0"]
[TimeControl "15 minutes + 5 seconds per move from move one (Round 1 - 4) / 90 minutes + 30 seconds per move from move one (Round 5 - 8)"]
[BlackTitle "FM"]
[WhiteFideId "1768298"]
[BlackFideId "1735560"]
[WhiteElo "1976"]
[BlackElo "2290"]

1. e4 e5 2. Nc3 Nf6 3. g3 Bc5 4. Bg2 c6 5. Nge2 O-O 6. O-O Re8 7. d4 exd4 8. Nxd4 d6 9. h3 Bb6 10.
Kh2 Na6 11. f4 Nc5 12. Re1 Ba5 13. e5 dxe5 14. fxe5 Nd5 15. Bd2 Nxc3 16. bxc3 Bc7 17. Bf4 Ne6 18. Qd3 Bd7 19. Rad1 Nxf4 20.
gxf4 Qh4 21. Re4 Qh5 22. Rg1 Rad8 23. Qg3 c5 24. Ne2 Bf5 25. Re3 Rd2 26. Bf3 Qh6 27. Bg4 Bxc2 28. Kh1 Ba4 29.
Bf3 b6 30. Be4 Bd7 31. c4 f6 32. Bd5+ Kh8 33. e6 Bc8 34. Qf3 f5 35. Qg3 Qf6 36. Nc3 g6 37. Nb5 Bb8 38. Rge1 Re7 39. h4 h6 40. a4 g5 41.
fxg5 Qb2 42. Qxb8 f4 43. Qxf4 1-0

[Event "Elite Hotels Open 2024"]
[Site "Elite Stadshotellet, Kungsgatan 6, Vaxjo, Sweden"]
[Date "2024.02.10"]
[Round "6.14"]
[White "Johansson, Ulf"]
[Black "Bjorkman, Filip"]
[Result "0-1"]
[TimeControl "15 minutes + 5 seconds per move from move one (Round 1 - 4) / 90 minutes + 30 seconds per move from move one (Round 5 - 8)"]
[WhiteFideId "1701380"]
[BlackFideId "1734970"]
[WhiteElo "2141"]
[BlackElo "2046"]

1. e4 c5 2. Nf3 Nc6 3. Bb5 g6 4. O-O Bg7 5. c3 Nf6 6. Re1 O-O 7. d4 d5 8. e5 Ne4 9. Be3 cxd4 10.
cxd4 Qb6 11. Bxc6 bxc6 12. Qc1 f6 13. Nc3 Bf5 14. Nh4 fxe5 15. dxe5 d4 16. Nxe4 dxe3 17. Qc4+ Kh8 18. Rxe3 Qxb2 19.
Rf1 Qxe5 20. Qxc6 Rac8 21. Qa4 Qd4 22. Qxd4 Bxd4 23. Re2 Bg4 24. Rd2 Bb6 25. h3 Be6 26. Nf3 Bxh3 27. Ne5 Bf5 28.
Ng3 Rc2 29. Rxc2 Bxc2 30. Nd7 Rd8 31. Nxb6 axb6 32. Re1 Rd1 33. Rxd1 Bxd1 34. f4 Kg7 35. Kf2 Bc2 36. Ke3 Kf6 37.
Ne2 e5 38. g3 h5 39. Ng1 exf4+ 40. Kxf4 g5+ 41. Kf3 Ke5 42. Ke3 Bd1 43. Nh3 Kf5 44. Nf2 Bc2 45. a3 Bb1 46. Kf3 Bc2 47.
Ke3 Bb3 48. Ne4 Bd5 49. Nc3 Bc6 50. Ne2 Ke5 51. Ng1 h4 52. g4 Bg2 53. Kf2 h3 54. Ne2 Ke4 55. Kg3 Kd3 56. Kf2 h2 57.
Kxg2 Kxe2 58. Kxh2 Kf3 59. Kh3 b5 0-1

[Event "Elite Hotels Open 2024"]
[Site "Elite Stadshotellet, Kungsgatan 6, Vaxjo, Sweden"]
[Date "2024.02.10"]
[Round "6.15"]
[White "Nilsson, Eskil"]
[Black "Eriksson, Kristian"]
[Result "0-1"]
[TimeControl "15 minutes + 5 seconds per move from move one (Round 1 - 4) / 90 minutes + 30 seconds per move from move one (Round 5 - 8)"]
[WhiteFideId "1716220"]
[BlackFideId "1705172"]
[WhiteElo "2117"]
[BlackElo "2035"]

1. e4 e5 2. Nf3 Nc6 3. Bc4 Nf6 4. d3 h6 5. O-O d6 6. c3 g6 7. d4 Qe7 8. Nbd2 Bg7 9. Re1 O-O 10.
h3 b6 11. a4 Bb7 12. Bd3 Nh5 13. d5 Nb8 14. a5 Nf4 15. Bf1 Nd7 16. g3 Nh5 17. Nh4 Ndf6 18. c4 Bc8 19. axb6 cxb6 20.
Ra3 Kh7 21. b4 Bd7 22. Nb3 Rfc8 23. Qd3 Rc7 24. Be3 g5 25. Nf5 Bxf5 26. exf5 Rd8 27. Bg2 Kg8 28. Rd1 Nd7 29. c5 Nhf6 30.
c6 e4 31. Qb5 Ne5 32. Nd2 g4 33. hxg4 Nexg4 34. Bd4 Re8 35. Re1 Qd8 36. Qc4 Qc8 37. Bxe4 Nxe4 38. Rxe4 Rxe4 39. Nxe4 Qxf5 40.
Bxg7 Kxg7 41. Nxd6 Qxf2+ 0-1

[Event "Elite Hotels Open 2024"]
[Site "Elite Stadshotellet, Kungsgatan 6, Vaxjo, Sweden"]
[Date "2024.02.10"]
[Round "6.16"]
[White "Ljung, Harald"]
[Black "Willstedt, Lukas"]
[Result "1-0"]
[TimeControl "15 minutes + 5 seconds per move from move one (Round 1 - 4) / 90 minutes + 30 seconds per move from move one (Round 5 - 8)"]
[WhiteFideId "1738178"]
[BlackFideId "1751913"]
[WhiteElo "2098"]
[BlackElo "1982"]

1. d4 e6 2. c4 Nf6 3. Nf3 d5 4. Bg5 c6 5. e3 Nbd7 6. Nc3 Bd6 7. Rc1 h6 8. Bh4 O-O 9. Bd3 Be7 10.
O-O b6 11. cxd5 exd5 12. Bb1 Bb7 13. Qd3 g6 14. Rfd1 Re8 15. Bg3 Bf8 16. Nd2 Bg7 17. Bh4 Qe7 18. Re1 Qb4 19. Qc2 Rac8 20.
a3 Qf8 21. Qa4 a6 22. Ba2 Kh7 23. h3 Ne4 24. Ncxe4 dxe4 25. Qb3 f5 26. Qf7 Qxf7 27. Bxf7 Rf8 28. Be6 g5 29. Bg3 Rcd8 30.
Bc7 Rc8 31. Bd6 Rf6 32. Bxd7 Rd8 33. Be7 Rxd7 34. Bxf6 Bxf6 35. b4 Bd8 36. Nc4 Bc7 37. Red1 Bd8 1-0

[Event "Elite Hotels Open 2024"]
[Site "Elite Stadshotellet, Kungsgatan 6, Vaxjo, Sweden"]
[Date "2024.02.11"]
[Round "7.1"]
[White "Pantzar, Milton"]
[Black "Seo, Jung Min"]
[Result "1/2-1/2"]
[TimeControl "15 minutes + 5 seconds per move from move one (Round 1 - 4) / 90 minutes + 30 seconds per move from move one (Round 5 - 8)"]
[WhiteTitle "IM"]
[BlackTitle "IM"]
[WhiteFideId "1721003"]
[BlackFideId "1734687"]
[WhiteElo "2468"]
[BlackElo "2466"]

1. d4 Nf6 2. Nf3 d5 3. c4 e6 4. g3 Bb4+ 5. Bd2 Be7 6. Bg2 Nbd7 7. Qc2 c6 8. Nc3 dxc4 9. Rd1 Nd5 10.
h4 b5 11. Ne4 Qc7 12. O-O 1/2-1/2

[Event "Elite Hotels Open 2024"]
[Site "Elite Stadshotellet, Kungsgatan 6, Vaxjo, Sweden"]
[Date "2024.02.11"]
[Round "7.2"]
[White "Hillarp, Tiger"]
[Black "Kistrup, Nicolai"]
[Result "1-0"]
[TimeControl "15 minutes + 5 seconds per move from move one (Round 1 - 4) / 90 minutes + 30 seconds per move from move one (Round 5 - 8)"]
[WhiteTitle "GM"]
[BlackTitle "FM"]
[WhiteFideId "1700812"]
[BlackFideId "1444816"]
[WhiteElo "2476"]
[BlackElo "2326"]

1. Nf3 d5 2. g3 c5 3. c4 d4 4. b4 cxb4 5. a3 bxa3 6. Bxa3 Nc6 7. Bg2 e5 8. Bxf8 Kxf8 9. d3 g6 10.
O-O Kg7 11. Nbd2 Nf6 12. Ra3 a5 13. Qa1 Ra6 14. Ng5 Qe7 15. Bxc6 Rxc6 16. Rxa5 Nd7 17. f4 Nc5 18. Nde4 f6 19.
fxe5 fxg5 20. Rxc5 Rxc5 21. e6 Qxe6 22. Qxd4+ Qe5 23. Qxc5 Qxc5+ 24. Nxc5 Re8 25. Kf2 Re7 26. Rb1 Rf7+ 27.
Ke3 Re7+ 28. Kd2 Rf7 29. Ne4 Rd7 30. Nxg5 Re7 31. Ne4 Bg4 32. Rf1 h5 33. h4 Bh3 34. Rf4 Bg4 35. e3 b6 36.
Nf6 Be6 37. Nd5 Rb7 38. Nc3 Ra7 39. Rd4 Kf7 40. Rd6 Rb7 41. Nb5 Rb8 42. Kc3 Ke7 43. e4 1-0

[Event "Elite Hotels Open 2024"]
[Site "Elite Stadshotellet, Kungsgatan 6, Vaxjo, Sweden"]
[Date "2024.02.11"]
[Round "7.3"]
[White "Sorensen, Hampus"]
[Black "Grahn, Vidar"]
[Result "1/2-1/2"]
[TimeControl "15 minutes + 5 seconds per move from move one (Round 1 - 4) / 90 minutes + 30 seconds per move from move one (Round 5 - 8)"]
[WhiteTitle "IM"]
[WhiteFideId "8703884"]
[BlackFideId "1744780"]
[WhiteElo "2430"]
[BlackElo "2234"]

1. e4 c5 2. Nf3 e6 3. c3 Nf6 4. e5 Nd5 5. a3 d6 6. d4 cxd4 7. c4 Nc7 8. Qxd4 Nc6 9. Qc3 dxe5 10.
Nxe5 Nxe5 11. Qxe5 f6 12. Qg3 Qd6 13. Bf4 e5 14. Be3 f5 15. f4 e4 16. Nc3 Be6 17. b4 g6 18. Rd1 Qe7 19.
Nd5 Qf7 20. Nf6+ Qxf6 21. Bd4 Bxb4+ 22. axb4 Qf8 23. Bxh8 Qxh8 24. Qa3 Rd8 25. Rxd8+ Kxd8 26. Kf2 Qd4+ 27. Qe3 Qb2+ 28. Kg3 Qxb4 29.
Be2 b6 30. Ra1 a5 31. h3 Kc8 32. Kh2 Kb7 33. Qd4 Kc6 34. Ra2 Qd6 35. Qe3 Qc5 36. Qc3 Ne8 37. Qh8 Nd6 38. Qxh7 Qe3 39.
Qxg6 Qxf4+ 40. Kh1 Qc1+ 41. Kh2 Qf4+ 42. Kh1 Qc1+ 43. Kh2 Qf4+ 1/2-1/2

[Event "Elite Hotels Open 2024"]
[Site "Elite Stadshotellet, Kungsgatan 6, Vaxjo, Sweden"]
[Date "2024.02.11"]
[Round "7.4"]
[White "Fransson, Jorgen"]
[Black "Jepson, Christian"]
[Result "0-1"]
[TimeControl "15 minutes + 5 seconds per move from move one (Round 1 - 4) / 90 minutes + 30 seconds per move from move one (Round 5 - 8)"]
[BlackTitle "IM"]
[WhiteFideId "1701827"]
[BlackFideId "1701185"]
[WhiteElo "2134"]
[BlackElo "2386"]

1. c4 e6 2. Nf3 d5 3. d4 Nf6 4. e3 a6 5. b3 c5 6. Bd3 cxd4 7. exd4 Nc6 8. Bb2 dxc4 9. bxc4 Be7 10.
O-O O-O 11. Nbd2 b6 12. Rc1 Bb7 13. Qe2 Re8 14. Bb1 Rc8 15. Qd3 b5 16. cxb5 Nb4 17. Rxc8 Qxc8 18. Qe2 axb5 19. a3 Nbd5 20.
Rc1 Qa8 21. Qxb5 Rb8 22. Rc2 Bc8 23. Qc4 Bd7 24. Bc1 Bb5 25. Qa2 Bd3 26. Rb2 Nc3 27. Qa1 Ne2+ 28. Kh1 Nxc1 29. a4 Rxb2 30.
Qxb2 Bxb1 31. Qxb1 Ne2 32. Qb5 Nc3 0-1

[Event "Elite Hotels Open 2024"]
[Site "Elite Stadshotellet, Kungsgatan 6, Vaxjo, Sweden"]
[Date "2024.02.11"]
[Round "7.5"]
[White "Muntean, Victor"]
[Black "Lindberg, Bengt"]
[Result "1/2-1/2"]
[TimeControl "15 minutes + 5 seconds per move from move one (Round 1 - 4) / 90 minutes + 30 seconds per move from move one (Round 5 - 8)"]
[BlackTitle "IM"]
[WhiteFideId "1054414"]
[BlackFideId "1700359"]
[WhiteElo "2106"]
[BlackElo "2331"]

1. e4 c5 2. c3 e6 3. d4 d5 4. e5 Nc6 5. Nf3 Bd7 6. Bd3 Rc8 7. O-O cxd4 8. cxd4 Nb4 9. Nc3 Nxd3 10.
Qxd3 Ne7 11. Nd2 Nf5 12. Nb3 Be7 13. Be3 O-O 14. f4 h5 15. Rac1 b6 16. Bf2 Rc4 17. Rc2 Qb8 18. Rfc1 Rfc8 19.
Nd2 R4c7 20. Ne2 Rxc2 21. Rxc2 Rxc2 22. Qxc2 g6 23. Ng3 Ng7 24. Nf3 Qb7 25. h3 Ne8 26. Nf1 Qc6 27. Qxc6 Bxc6 28.
Bh4 Bf8 29. Bd8 Bb5 30. Ne3 Bd3 31. a3 Bg7 32. Kf2 f6 33. g4 Be4 34. Nd2 Bd3 35. Nd1 Kf7 36. Ke3 Ba6 37. Nf3 hxg4 38.
hxg4 Bc8 39. Nc3 Bd7 40. b4 f5 41. gxf5 gxf5 42. Ng5+ Kg6 43. a4 Bf8 44. Na2 Bh6 45. a5 bxa5 46.
bxa5 Bxg5 47. fxg5 a6 48. Nc1 Ng7 49. Nd3 Nh5 50. Kf3 f4 51. Nc5 Bc8 52. Kg4 Ng7 53. Kxf4 Nf5 54. Nb3 Kh5 55.
Bb6 Ne7 56. Bd8 Nf5 57. Kf3 Kg6 58. Ke2 Ng3+ 59. Kd3 Ne4 60. Nc1 Bd7 61. Kc2 Bb5 62. Na2 Ba4+ 63. Kb2 Bb5 64. Nb4 Kf5 65.
Nc2 Kg6 66. Ne3 Ng3 67. Ng2 Be8 68. Nf4+ Kf5 69. Nd3 Bb5 70. Nc5 Ne2 71. g6 Kxg6 72. Nxe6 Kf5 73. Ng7+ Kg6 74. Ne6 Kf5 75.
Nc7 Nxd4 76. Bf6 Bc4 77. Bg7 Ne6 78. Nxe6 Kxe6 79. Kc3 1/2-1/2

[Event "Elite Hotels Open 2024"]
[Site "Elite Stadshotellet, Kungsgatan 6, Vaxjo, Sweden"]
[Date "2024.02.11"]
[Round "7.6"]
[White "Frisk, Ellinor"]
[Black "Johansson, Linus"]
[Result "0-1"]
[TimeControl "15 minutes + 5 seconds per move from move one (Round 1 - 4) / 90 minutes + 30 seconds per move from move one (Round 5 - 8)"]
[WhiteTitle "WIM"]
[BlackTitle "IM"]
[WhiteFideId "1708481"]
[BlackFideId "1711113"]
[WhiteElo "2141"]
[BlackElo "2434"]

1. d4 Nf6 2. c4 e6 3. Nc3 Bb4 4. e3 O-O 5. Nge2 Re8 6. a3 Bf8 7. Ng3 d5 8. Be2 a6 9. O-O c5 10.
dxc5 Bxc5 11. Qc2 dxc4 12. Nge4 Bf8 13. Nxf6+ Qxf6 14. Bxc4 Nd7 15. Bd3 Qh4 16. g3 Qh5 17. Be2 Qc5 18.
b3 Qc6 19. Bb2 b5 20. Bd3 f5 21. Ne2 Nc5 22. Nd4 Qd7 23. Be2 e5 24. Bf3 e4 25. Be2 Bb7 26. Rfd1 Rac8 27. Qd2 Qd5 28.
b4 Nd3 29. Bxd3 exd3 30. f3 Rc2 31. Nxc2 Qxf3 32. Rf1 Qh1+ 33. Kf2 Qxh2+ 34. Ke1 Qxg3+ 35. Qf2 Qxf2+ 36. Rxf2 dxc2 37. Rxc2 Rxe3+ 38. Re2 Rh3 39. Rc1 Rh1+ 40. Kf2 Rxc1 41. Bxc1 Kf7 42. Rc2 Bd6 43. Be3 Ke6 44. Bb6 g5 45. Bc7 Be4 46. Rc3 h5 47.
Bxd6 Kxd6 48. Rc8 Ke5 49. Rh8 h4 50.
Rh6 f4 51. Rxa6 g4 52. Ra5 g3+ 53. Ke2 h3 54. Rxb5+ Bd5 0-1

[Event "Elite Hotels Open 2024"]
[Site "Elite Stadshotellet, Kungsgatan 6, Vaxjo, Sweden"]
[Date "2024.02.11"]
[Round "7.7"]
[White "Akesson, Ralf"]
[Black "Eklund, Joel"]
[Result "1-0"]
[TimeControl "15 minutes + 5 seconds per move from move one (Round 1 - 4) / 90 minutes + 30 seconds per move from move one (Round 5 - 8)"]
[WhiteTitle "GM"]
[WhiteFideId "1700120"]
[BlackFideId "1705288"]
[WhiteElo "2378"]
[BlackElo "2258"]

1. d4 d5 2. c4 c6 3. Nc3 Nf6 4. e3 Bf5 5. cxd5 cxd5 6. Qb3 Bc8 7. Nf3 Nc6 8. Ne5 e6 9. f4 Be7 10.
Bd3 O-O 11. O-O Nd7 12. Bd2 f5 13. Rac1 Ndxe5 14. dxe5 Bd7 15. Nb5 Qb6 16. Nd6 Qxb3 17. axb3 Rab8 18. Bb5 Rfd8 19. Nxb7 Rxb7 20.
Bxc6 Bxc6 21. Rxc6 Kf7 22. Bc3 Rdd7 23. Ra1 Bb4 24. Bd4 a5 25. Rac1 h6 26. Kf2 g5 27. g3 Re7 28. h3 Red7 29.
Kf3 Re7 30. R1c2 Be1 31. Bb6 Red7 32. Rc1 Bd2 33. Rd1 Bb4 34. g4 fxg4+ 35. hxg4 gxf4 36. exf4 Re7 37. Rh1 Kg7 38. f5 Re8 39.
Be3 Bf8 40. Bxh6+ Kg8 41. Bxf8 exf5 42. Rg6+ Kxf8 43. Rh8+ Kf7 44. Rf6+ 1-0

[Event "Elite Hotels Open 2024"]
[Site "Elite Stadshotellet, Kungsgatan 6, Vaxjo, Sweden"]
[Date "2024.02.11"]
[Round "7.8"]
[White "Olsson, William"]
[Black "Ljung, Harald"]
[Result "1/2-1/2"]
[TimeControl "15 minutes + 5 seconds per move from move one (Round 1 - 4) / 90 minutes + 30 seconds per move from move one (Round 5 - 8)"]
[WhiteTitle "FM"]
[WhiteFideId "1741721"]
[BlackFideId "1738178"]
[WhiteElo "2373"]
[BlackElo "2098"]

1. d4 Nf6 2. c4 e6 3. g3 d5 4. Bg2 Bb4+ 5. Bd2 Be7 6. Nf3 O-O 7. O-O c6 8. b3 Nbd7 9. Qc2 b6 10.
Rd1 Ba6 11. Bf4 Rc8 12. Ne5 c5 13. Qb2 cxd4 14. Na3 Nxe5 15. Bxe5 Ng4 16. Bxd4 e5 17. Bc3 d4 18. Be1 Qc7 19.
Nb5 Qd7 20. e3 Bxb5 21. cxb5 Qf5 22. h3 Nf6 23. exd4 Rc2 24. Qb1 exd4 25. Bf1 Qc8 26. Rxd4 Re8 27. Qd1 Rc7 28. Bb4 Bxb4 29.
Rxb4 Ne4 30. Bg2 Nc3 31. Qg4 Ne2+ 32. Kh2 Qd8 33. Re1 Rce7 34. Bc6 Qd2 35. Rf1 h5 36. Qh4 g5 37. Qc4 Rd8 38.
Bg2 Rd4 39. Qc8+ Rd8 40. Qc4 Rd4 41. Qc8+ Rd8 42. Qf5 Qxb4 43. Qxg5+ Kf8 44. Qh6+ Kg8 45. Qg5+ 1/2-1/2